Blues vs Bruins
(R1)
Created - October 15, 2018 at 22:44
Goals
|
| Blues |
0 |
1 |
0 |
1 |
| Bruins |
1 |
1 |
0 |
2 |
|
Shots
|
| Blues |
6 |
16 |
9 |
31 |
| Bruins |
11 |
9 |
8 |
28 |
|
1st period
1. Bruins , Kris Chucko 3 (Jason Demers 1) at 18:11
Penalties :
Henrik Sedin (Bos) for Hooking (Minor) at 0:13, Henrik Sedin (Bos) for Hooking (Minor) at 6:40, Logan Couture (STL) for Roughing (Minor) at 9:02, Jason Pominville (STL) for Tripping (Minor) at 15:59
2nd period
2. Bruins , Kris Chucko 4 (Cam Fowler 1, Nikolai Zherdev 2) at 6:17
3. Blues , Sergei Shirokov 1 (Bryce Lampman 1, Travis Zajac 1) at 12:56 (PP)
Penalties :
Viktor Stalberg (Bos) for Delaying the game (Minor) at 1:30, Tomas Plekanec (STL) for Hooking (Minor) at 4:03, Viktor Stalberg (Bos) for Hooking (Minor) at 12:13, Alex Pietrangelo (STL) for Roughing (Minor) at 13:11, Kris Chucko (Bos) for Unsportsmanlike conduct (Minor) at 15:33, Wojtek Wolski (Bos) for Hooking (Minor) at 19:06
3rd period
No Goal
Penalties :
Victor Oreskovich (Bos) for Hooking (Minor) at 7:44, Wojtek Wolski (Bos) for Roughing (Minor) at 12:46
Goalie Stats
Carey Price (STL), 26 saves from 28 shots - (0.929), L, 1-1-0, 58:46 minutes
Kevin Poulin (Bos), 30 saves from 31 shots - (0.968), W, 1-1-0, 60:00 minutes
Players Stats for Blues
Player Name G A P +/- PIM S H SB GA TA FO MP PP MP PK MP
------------------------------------------------------------------------------------
Alex Pietrangelo 0 0 0 -1 2 6 1 1 2 0 0/0 27:50 9:27 3:26
Bryce Lampman 0 1 1 -1 0 2 3 2 0 1 0/0 22:54 5:09 4:37
Cody Ceci 0 0 0 -1 0 1 2 0 0 0 0/0 10:43 0:00 1:09
David Perron 0 0 0 -1 0 6 1 2 0 0 2/2 22:03 8:28 0:51
Filip Forsberg 0 0 0 0 0 1 1 0 0 0 0/0 9:21 0:00 0:00
George Parros 0 0 0 0 0 1 1 1 1 0 0/0 4:39 0:00 0:00
Jake Gardiner 0 0 0 0 0 0 0 0 0 0 0/0 27:22 9:27 3:09
Jason Pominville 0 0 0 -1 2 0 3 0 0 0 0/2 21:09 8:28 0:00
Linus Omark 0 0 0 0 0 0 0 0 0 0 0/0 4:39 0:00 0:00
Logan Couture 0 0 0 0 2 2 2 0 0 0 8/12 13:04 0:00 3:33
Milan Michalek 0 0 0 -1 0 1 3 0 0 2 0/0 19:15 6:08 2:29
Nick Leddy 0 0 0 0 0 1 2 1 2 0 0/0 18:40 5:09 0:32
Nicklas Backstrom 0 0 0 -1 0 3 2 0 1 0 21/37 22:26 8:28 1:13
Patrick Kaleta 0 0 0 0 0 2 0 0 0 0 0/1 14:03 0:00 4:36
Sergei Shirokov 1 0 1 0 0 1 3 0 0 0 0/2 16:28 6:08 0:00
Tomas Plekanec 0 0 0 -1 2 2 0 1 1 0 0/0 5:34 0:00 0:41
Travis Zajac 0 1 1 -1 0 1 0 1 0 0 3/8 19:15 6:08 2:29
Yann Sauvé 0 0 0 -1 0 1 1 0 0 0 0/0 12:35 0:00 2:59
Players Stats for Bruins
Player Name G A P +/- PIM S H SB GA TA FO MP PP MP PK MP
------------------------------------------------------------------------------------
Andrew Alberts 0 0 0 0 0 1 2 2 0 1 0/0 22:58 3:36 6:29
Cam Fowler 0 1 1 0 0 1 0 1 0 0 0/0 22:58 3:36 6:29
Casey Cizikas 0 0 0 2 0 1 1 0 0 1 2/6 9:16 0:00 1:59
Dave Bolland 0 0 0 0 0 3 0 0 0 0 2/5 8:24 0:07 0:00
Henrik Sedin 0 0 0 0 4 0 1 0 0 1 13/24 21:58 4:09 6:15
Jason Demers 0 1 1 1 0 1 0 0 0 1 0/0 28:16 4:20 8:07
Kevin Bieksa 0 0 0 1 0 0 0 0 0 0 0/0 8:46 0:00 0:00
Kris Chucko 2 0 2 2 2 5 1 2 0 0 2/2 10:35 0:00 2:48
Matt Cooke 0 0 0 0 0 1 2 0 1 0 0/1 12:27 3:47 0:21
Nate Prosser 0 0 0 1 0 1 0 0 0 1 0/0 8:46 0:00 0:00
Nathan Horton 0 0 0 0 0 0 1 1 0 0 0/0 19:26 4:09 4:01
Nikolai Zherdev 0 1 1 2 0 1 0 0 0 0 0/0 7:10 0:00 0:00
Rene Bourque 0 0 0 0 0 2 0 0 0 0 1/3 11:53 0:00 3:29
Shane O'Brien 0 0 0 1 0 2 1 3 0 2 0/0 28:16 4:20 8:07
Tim Connolly 0 0 0 0 0 5 0 0 2 0 4/10 18:10 3:47 4:01
Victor Oreskovich 0 0 0 0 2 1 1 0 0 0 0/0 14:14 3:47 0:00
Viktor Stalberg 0 0 0 0 4 1 3 0 0 0 0/0 9:46 0:00 0:00
Wojtek Wolski 0 0 0 0 4 2 2 1 0 0 6/13 21:57 4:02 6:18
3 Stars
1 - Kris Chucko (Bos)
2 - Kevin Poulin (Bos)
3 - Sergei Shirokov (STL)
Power Play
Blues - 1 on 8 Attempt(s) - 12.50%
Bruins - 0 on 4 Attempt(s) - 0.00%
Penalty Kill
Blues - 4 on 4 Attempt(s) - 100.00%
- Score 0 goal in Penalty Kill
Bruins - 7 on 8 Attempt(s) - 87.50%
- Score 0 goal in Penalty Kill
Team Stat
Blues - Hits : 25 - Faceoff Wins : 34 - Blocked Shots : 9 - Penalty Minutes : 8
Bruins - Hits : 15 - Faceoff Wins : 30 - Blocked Shots : 10 - Penalty Minutes : 16
Official
Referees : Unknown
Linesman : Unknown
Game Notes
No Game Note
Finance
Level 1 -- Attendance: 4255 (70.92%) -- Ticket Income $442,520
Level 2 -- Attendance: 3758 (75.16%) -- Ticket Income $240,512
Level 3 -- Attendance: 2000 (100.00%) -- Ticket Income $68,000
Level 4 -- Attendance: 4000 (100.00%) -- Ticket Income $96,000
Luxury Box -- Attendance: 762 (76.20%) -- Ticket Income $147,828
Game was played at the TD Banknorth Garden.
Total Attendance: 14775 (82.08%)
Total Ticket Income: $994,860
Other Income: $149,229
Total Income: $1,144,089
Blues
5 vs 5 Forward
Center Left Wing Right Wing Time % Phy DF OF
1 Nicklas Backstrom David Perron Jason Pominville 40 1 2 2
2 Travis Zajac Milan Michalek Sergei Shirokov 30 1 2 2
3 Logan Couture Filip Forsberg Patrick Kaleta 20 1 2 2
4 Tomas Plekanec Linus Omark George Parros 10 1 2 2
5 vs 5 Defense
Defense Defense Time % Phy DF OF
1 Alex Pietrangelo Jake Gardiner 40 1 2 2
2 Bryce Lampman Nick Leddy 30 1 2 2
3 Yann Sauvé Cody Ceci 20 1 2 2
4 Alex Pietrangelo Bryce Lampman 10 1 2 2
PowerPlay Forward
Center Left Wing Right Wing Time % Phy DF OF
1 Nicklas Backstrom David Perron Jason Pominville 60 1 2 2
2 Travis Zajac Milan Michalek Sergei Shirokov 40 1 2 2
PowerPlay Defense
Defense Defense Time % Phy DF OF
1 Alex Pietrangelo Jake Gardiner 60 1 2 2
2 Nick Leddy Bryce Lampman 40 1 2 2
Penalty Kill 4 Players Forward
Center Wing Time % Phy DF OF
1 Logan Couture Patrick Kaleta 60 1 2 2
2 Travis Zajac Milan Michalek 40 1 2 2
Penalty Kill 4 Players Defense
Defense Defense Time % Phy DF OF
1 Alex Pietrangelo Bryce Lampman 60 1 2 2
2 Jake Gardiner Yann Sauvé 40 1 2 2
Penalty Kill - 3 Players Forward
Forward Time % Phy DF OF
1 Travis Zajac 60 1 2 2
2 Milan Michalek 40 1 2 2
Penalty Kill - 3 Players Defense
Defense Defense Time % Phy DF OF
1 Alex Pietrangelo Bryce Lampman 60 1 2 2
2 Jake Gardiner Yann Sauvé 40 1 2 2
4 vs 4 Forward
Center Wing Time % Phy DF OF
1 Nicklas Backstrom David Perron 60 1 2 2
2 Travis Zajac Jason Pominville 40 1 2 2
4 vs 4 Defense
Defense Defense Time % Phy DF OF
1 Alex Pietrangelo Bryce Lampman 60 1 2 2
2 Jake Gardiner Yann Sauvé 40 1 2 2
Last Minutes Offensive
Center Left Wing Right Wing Defense Defense
Nicklas Backstrom David Perron Jason Pominville Alex Pietrangelo Jake Gardiner
Last Minutes Defensive
Center Left Wing Right Wing Defense Defense
Travis Zajac Milan Michalek Patrick Kaleta Alex Pietrangelo Bryce Lampman
Goaltenders
Starting : Carey Price
Backup : Ray Emery
Extra Forwards
Normal : Logan Couture, George Parros, Patrick Kaleta - PP : Logan Couture, George Parros - PK : Patrick Kaleta
Extra Defensemen
Normal : Nick Leddy, Cody Ceci, Jake Gardiner - PP : Nick Leddy - PK : Cody Ceci, Jake Gardiner
Penalty Shots
David Perron, Nicklas Backstrom, Logan Couture, Travis Zajac, Milan Michalek
Scratches
None
Bruins
5 vs 5 Forward
Center Left Wing Right Wing Time % Phy DF OF
1 Henrik Sedin Wojtek Wolski Nathan Horton 40 1 2 2
2 Tim Connolly Viktor Stalberg Victor Oreskovich 30 1 2 2
3 Dave Bolland Matt Cooke Rene Bourque 20 1 2 2
4 Casey Cizikas Kris Chucko Nikolai Zherdev 10 1 2 2
5 vs 5 Defense
Defense Defense Time % Phy DF OF
1 Jason Demers Shane O'Brien 40 1 2 2
2 Andrew Alberts Cam Fowler 30 1 2 2
3 Nate Prosser Kevin Bieksa 20 1 2 2
4 Jason Demers Shane O'Brien 10 1 2 2
PowerPlay Forward
Center Left Wing Right Wing Time % Phy DF OF
1 Henrik Sedin Wojtek Wolski Nathan Horton 60 1 2 2
2 Tim Connolly Matt Cooke Victor Oreskovich 40 1 2 2
PowerPlay Defense
Defense Defense Time % Phy DF OF
1 Jason Demers Shane O'Brien 60 1 2 2
2 Andrew Alberts Cam Fowler 40 1 2 2
Penalty Kill 4 Players Forward
Center Wing Time % Phy DF OF
1 Wojtek Wolski Henrik Sedin 60 1 2 2
2 Tim Connolly Nathan Horton 40 1 2 2
Penalty Kill 4 Players Defense
Defense Defense Time % Phy DF OF
1 Jason Demers Shane O'Brien 60 1 2 2
2 Andrew Alberts Cam Fowler 40 1 2 2
Penalty Kill - 3 Players Forward
Forward Time % Phy DF OF
1 Wojtek Wolski 60 1 2 2
2 Henrik Sedin 40 1 2 2
Penalty Kill - 3 Players Defense
Defense Defense Time % Phy DF OF
1 Jason Demers Shane O'Brien 60 1 2 2
2 Andrew Alberts Cam Fowler 40 1 2 2
4 vs 4 Forward
Center Wing Time % Phy DF OF
1 Wojtek Wolski Henrik Sedin 60 1 2 2
2 Tim Connolly Nathan Horton 40 1 2 2
4 vs 4 Defense
Defense Defense Time % Phy DF OF
1 Jason Demers Shane O'Brien 60 1 2 2
2 Andrew Alberts Cam Fowler 40 1 2 2
Last Minutes Offensive
Center Left Wing Right Wing Defense Defense
Henrik Sedin Wojtek Wolski Nathan Horton Jason Demers Shane O'Brien
Last Minutes Defensive
Center Left Wing Right Wing Defense Defense
Henrik Sedin Wojtek Wolski Nathan Horton Jason Demers Shane O'Brien
Goaltenders
Starting : Kevin Poulin
Backup : Craig Anderson
Extra Forwards
Normal : Dave Bolland, Viktor Stalberg, Rene Bourque - PP : Dave Bolland, Viktor Stalberg - PK : Rene Bourque
Extra Defensemen
Normal : Nate Prosser, Kevin Bieksa, Andrew Alberts - PP : Nate Prosser - PK : Kevin Bieksa, Andrew Alberts
Penalty Shots
Wojtek Wolski, Henrik Sedin, Tim Connolly, Nathan Horton, Victor Oreskovich
Scratches
Steve Ott (Healthy)
% Time on Ice - Blues
Lines # - Real PCT - Wanted PCT - Time Play
Normal Forward
1 - 32% - 40% - 11:40
2 - 29% - 30% - 10:38
3 - 26% - 20% - 9:21
4 - 13% - 10% - 4:39
Normal Defense
1 - 38% - 40% - 13:49
2 - 36% - 30% - 13:01
3 - 26% - 20% - 9:28
4 - 0% - 10% - 0:00
PP Forward
1 - 58% - 60% - 8:28
2 - 42% - 40% - 6:08
PP Defense
1 - 65% - 60% - 9:27
2 - 35% - 40% - 5:09
PK Forward
1 - 69% - 60% - 5:27
2 - 31% - 40% - 2:29
PK Defense
1 - 62% - 60% - 4:57
2 - 38% - 40% - 2:59
PK3 Forward
1 - 0% - 60%
2 - 0% - 40%
PK3 Defense
1 - 0% - 60%
2 - 0% - 40%
44 Forward
1 - 0% - 60%
2 - 0% - 40%
44 Defense
1 - 0% - 60%
2 - 0% - 40%
Last Minute Offensive - 1:10
Last Minute Defensive - 0:00
Total
Forward - 60:00
Defense - 60:00
|
% Time on Ice - Bruins
Lines # - Real PCT - Wanted PCT - Time Play
Normal Forward
1 - 31% - 40% - 11:39
2 - 28% - 30% - 10:22
3 - 22% - 20% - 8:14
4 - 19% - 10% - 7:10
Normal Defense
1 - 42% - 40% - 15:46
2 - 34% - 30% - 12:53
3 - 23% - 20% - 8:46
4 - 0% - 10% - 0:00
PP Forward
1 - 52% - 60% - 4:09
2 - 48% - 40% - 3:47
PP Defense
1 - 55% - 60% - 4:20
2 - 45% - 40% - 3:36
PK Forward
1 - 72% - 60% - 10:35
2 - 28% - 40% - 4:01
PK Defense
1 - 56% - 60% - 8:07
2 - 44% - 40% - 6:29
PK3 Forward
1 - 0% - 60%
2 - 0% - 40%
PK3 Defense
1 - 0% - 60%
2 - 0% - 40%
44 Forward
1 - 0% - 60%
2 - 0% - 40%
44 Defense
1 - 0% - 60%
2 - 0% - 40%
Last Minute Offensive - 0:00
Last Minute Defensive - 0:03
Total
Forward - 60:00
Defense - 60:00
|
Play by Play
1st period
0:01 of 1st period - Nicklas Backstrom wins face-off versus Henrik Sedin in neutral zone.
0:13 of 1st period - Minor Penalty to Henrik Sedin for Hooking.
0:14 of 1st period - Wojtek Wolski wins face-off versus Jason Pominville in Bruins zone.
0:21 of 1st period - Icing by Nicklas Backstrom.
0:22 of 1st period - Tim Connolly wins face-off versus Nicklas Backstrom in Blues zone.
0:31 of 1st period - Backhand shot by Alex Pietrangelo.
0:31 of 1st period - Stopped by Kevin Poulin without a rebound.
0:32 of 1st period - Wojtek Wolski wins face-off versus Travis Zajac in Bruins zone.
0:41 of 1st period - Slapshot by Nick Leddy.
0:41 of 1st period - Shot Misses the Net.
2:13 of 1st period - Penalty to Henrik Sedin is over, Henrik Sedin is back on ice.
2:53 of 1st period - Slapshot by George Parros.
2:53 of 1st period - Shot Misses the Net.
3:16 of 1st period - Icing by Wojtek Wolski.
3:17 of 1st period - Logan Couture wins face-off versus Henrik Sedin in Bruins zone.
3:52 of 1st period - Cody Ceci is hit by Viktor Stalberg and loses puck.
4:59 of 1st period - Victor Oreskovich is hit by Milan Michalek and loses puck.
5:27 of 1st period - Snap shot by Nikolai Zherdev.
5:27 of 1st period - Shot Misses the Net.
5:37 of 1st period - Nathan Horton is hit by Jason Pominville and loses puck.
6:16 of 1st period - Cam Fowler is hit by Milan Michalek and loses puck.
6:34 of 1st period - Jake Gardiner is hit by Kris Chucko and loses puck.
6:39 of 1st period - Wrist shot by Kris Chucko.
6:39 of 1st period - Deflect By Nikolai Zherdev.
6:39 of 1st period - Shot Misses the Net.
6:39 of 1st period - Puck is out of play.
6:40 of 1st period - Henrik Sedin wins face-off versus Nicklas Backstrom in Blues zone.
6:40 of 1st period - Minor Penalty to Henrik Sedin for Hooking.
6:41 of 1st period - Wojtek Wolski wins face-off versus Nicklas Backstrom in Bruins zone.
6:41 of 1st period - Wojtek Wolski is hit by Nicklas Backstrom.
6:51 of 1st period - Slapshot by Alex Pietrangelo.
6:51 of 1st period - Shot Blocked by Shane O'Brien.
7:11 of 1st period - Slapshot by Alex Pietrangelo.
7:11 of 1st period - Shot Blocked by Shane O'Brien.
7:17 of 1st period - Travis Zajac is hit by Wojtek Wolski and loses puck.
8:40 of 1st period - Penalty to Henrik Sedin is over, Henrik Sedin is back on ice.
8:51 of 1st period - Tim Connolly is hit by Filip Forsberg and loses puck.
9:02 of 1st period - Minor Penalty to Logan Couture for Roughing.
9:03 of 1st period - Nicklas Backstrom wins face-off versus Henrik Sedin in Blues zone.
9:16 of 1st period - Wrist shot by Wojtek Wolski.
9:16 of 1st period - Shot Misses the Net.
11:02 of 1st period - Penalty to Logan Couture is over, Logan Couture is back on ice.
11:13 of 1st period - Kris Chucko is hit by Milan Michalek.
11:17 of 1st period - Wrist shot by Travis Zajac.
11:17 of 1st period - Shot Misses the Net.
11:19 of 1st period - Snap shot by Milan Michalek.
11:19 of 1st period - Stopped by Kevin Poulin with a rebound.
11:55 of 1st period - Kris Chucko is hit by Sergei Shirokov and loses puck.
12:30 of 1st period - Wojtek Wolski is hit by Sergei Shirokov and loses puck.
12:47 of 1st period - Slapshot by Tomas Plekanec.
12:47 of 1st period - Shot Misses the Net.
13:14 of 1st period - Slapshot by Kris Chucko.
13:14 of 1st period - Stopped by Carey Price without a rebound.
13:15 of 1st period - Casey Cizikas wins face-off versus Logan Couture in Blues zone.
13:40 of 1st period - Viktor Stalberg is hit by Jason Pominville and loses puck.
13:45 of 1st period - Snap shot by Nicklas Backstrom.
13:45 of 1st period - Shot Misses the Net.
13:47 of 1st period - Snap shot by David Perron.
13:47 of 1st period - Stopped by Kevin Poulin with a rebound.
13:49 of 1st period - Snap shot by David Perron.
13:49 of 1st period - Stopped by Kevin Poulin with a rebound.
14:23 of 1st period - Nathan Horton is hit by George Parros and loses puck.
14:28 of 1st period - Nate Prosser is hit by Nick Leddy and loses puck.
14:45 of 1st period - Snap shot by Nikolai Zherdev.
14:45 of 1st period - Deflect By Kris Chucko.
14:45 of 1st period - Shot Misses the Net.
14:45 of 1st period - Puck is out of play.
14:46 of 1st period - Logan Couture wins face-off versus Casey Cizikas in Blues zone.
14:55 of 1st period - Wrist shot by Logan Couture.
14:55 of 1st period - Stopped by Kevin Poulin with a rebound.
15:30 of 1st period - Wrist shot by Tim Connolly.
15:30 of 1st period - Stopped by Carey Price with a rebound.
15:42 of 1st period - Wrist shot by Travis Zajac.
15:42 of 1st period - Stopped by Kevin Poulin without a rebound.
15:43 of 1st period - Henrik Sedin wins face-off versus Nicklas Backstrom in Bruins zone.
15:48 of 1st period - Snap shot by Nathan Horton.
15:48 of 1st period - Shot Blocked by Bryce Lampman.
15:52 of 1st period - Snap shot by Wojtek Wolski.
15:52 of 1st period - Stopped by Carey Price with a rebound.
15:54 of 1st period - Snap shot by Wojtek Wolski.
15:54 of 1st period - Shot Misses the Net.
15:56 of 1st period - Slapshot by Jason Demers.
15:56 of 1st period - Stopped by Carey Price without a rebound.
15:57 of 1st period - Nicklas Backstrom wins face-off versus Henrik Sedin in Blues zone.
15:59 of 1st period - Minor Penalty to Jason Pominville for Tripping.
16:00 of 1st period - Henrik Sedin wins face-off versus Logan Couture in Blues zone.
16:00 of 1st period - Slapshot by Wojtek Wolski.
16:00 of 1st period - Stopped by Carey Price without a rebound.
16:01 of 1st period - Henrik Sedin wins face-off versus Patrick Kaleta in Blues zone.
16:08 of 1st period - Snap shot by Wojtek Wolski.
16:08 of 1st period - Shot Misses the Net.
16:10 of 1st period - Snap shot by Wojtek Wolski.
16:10 of 1st period - Shot Blocked by Alex Pietrangelo.
16:12 of 1st period - Slapshot by Nathan Horton.
16:12 of 1st period - Shot Misses the Net.
16:16 of 1st period - Snap shot by Wojtek Wolski.
16:16 of 1st period - Shot Blocked by Bryce Lampman.
16:31 of 1st period - Snap shot by Tim Connolly.
16:31 of 1st period - Stopped by Carey Price with a rebound.
16:33 of 1st period - Wrist shot by Matt Cooke.
16:33 of 1st period - Stopped by Carey Price with a rebound.
16:35 of 1st period - Slapshot by Shane O'Brien.
16:35 of 1st period - Stopped by Carey Price without a rebound.
16:36 of 1st period - Henrik Sedin wins face-off versus Travis Zajac in Blues zone.
17:05 of 1st period - Bryce Lampman is hit by Matt Cooke and loses puck.
17:20 of 1st period - Patrick Kaleta is hit by Shane O'Brien and loses puck.
17:53 of 1st period - Slapshot by Jake Gardiner.
17:53 of 1st period - Shot Misses the Net.
17:59 of 1st period - Penalty to Jason Pominville is over, Jason Pominville is back on ice.
18:06 of 1st period - Icing by Milan Michalek.
18:07 of 1st period - Kris Chucko wins face-off versus Nicklas Backstrom in Blues zone.
18:07 of 1st period - Kris Chucko is hit by Cody Ceci.
18:11 of 1st period - Wrist shot by Kris Chucko.
18:11 of 1st period - Goal by Kris Chucko - Blues : 0 - Bruins : 1.
18:12 of 1st period - Henrik Sedin wins face-off versus Nicklas Backstrom in neutral zone.
18:38 of 1st period - Milan Michalek is hit by Victor Oreskovich and loses puck.
18:49 of 1st period - Slapshot by Viktor Stalberg.
18:49 of 1st period - Stopped by Carey Price with a rebound.
18:58 of 1st period - Off-side.
18:59 of 1st period - Rene Bourque wins face-off versus Logan Couture in neutral zone.
19:12 of 1st period - Slapshot by Dave Bolland.
19:12 of 1st period - Stopped by Carey Price with a rebound.
19:14 of 1st period - Snap shot by Rene Bourque.
19:14 of 1st period - Shot Misses the Net.
19:24 of 1st period - Nathan Horton is hit by Jason Pominville and loses puck.
Goals for this period are 0 for Blues vs 1 for Bruins.
Shots for this period are 6 for Blues vs 11 for Bruins.
2nd period
0:01 of 2nd period - Nicklas Backstrom wins face-off versus Henrik Sedin in neutral zone.
0:16 of 2nd period - Snap shot by Nicklas Backstrom.
0:16 of 2nd period - Stopped by Kevin Poulin with a rebound.
0:36 of 2nd period - Snap shot by Tim Connolly.
0:36 of 2nd period - Stopped by Carey Price with a rebound.
0:49 of 2nd period - Icing by Jason Demers.
0:50 of 2nd period - Tim Connolly wins face-off versus Travis Zajac in Bruins zone.
1:01 of 2nd period - Snap shot by Henrik Sedin.
1:01 of 2nd period - Shot Misses the Net.
1:30 of 2nd period - Minor Penalty to Viktor Stalberg for Delaying the game.
1:31 of 2nd period - Nicklas Backstrom wins face-off versus Wojtek Wolski in Bruins zone.
1:43 of 2nd period - Slapshot by Alex Pietrangelo.
1:43 of 2nd period - Shot Blocked by Andrew Alberts.
1:45 of 2nd period - Slapshot by Alex Pietrangelo.
1:45 of 2nd period - Stopped by Kevin Poulin without a rebound.
1:46 of 2nd period - Wojtek Wolski wins face-off versus Nicklas Backstrom in Bruins zone.
1:46 of 2nd period - Wojtek Wolski is hit by David Perron.
2:19 of 2nd period - Slapshot by Bryce Lampman.
2:19 of 2nd period - Stopped by Kevin Poulin without a rebound.
2:20 of 2nd period - Nicklas Backstrom wins face-off versus Wojtek Wolski in Bruins zone.
2:33 of 2nd period - Snap shot by David Perron.
2:33 of 2nd period - Stopped by Kevin Poulin without a rebound.
2:34 of 2nd period - Nicklas Backstrom wins face-off versus Wojtek Wolski in Bruins zone.
3:07 of 2nd period - Snap shot by Nathan Horton.
3:07 of 2nd period - Shot Misses the Net.
3:30 of 2nd period - Penalty to Viktor Stalberg is over, Viktor Stalberg is back on ice.
3:46 of 2nd period - Patrick Kaleta is hit by Matt Cooke and loses puck.
4:01 of 2nd period - Wrist shot by Casey Cizikas.
4:01 of 2nd period - Stopped by Carey Price with a rebound.
4:03 of 2nd period - Minor Penalty to Tomas Plekanec for Hooking.
4:04 of 2nd period - Logan Couture wins face-off versus Henrik Sedin in Blues zone.
4:44 of 2nd period - Icing by Victor Oreskovich.
4:45 of 2nd period - Logan Couture wins face-off versus Tim Connolly in Bruins zone.
5:27 of 2nd period - Wrist shot by Victor Oreskovich.
5:27 of 2nd period - Stopped by Carey Price without a rebound.
5:28 of 2nd period - Travis Zajac wins face-off versus Wojtek Wolski in Blues zone.
5:43 of 2nd period - Snap shot by Henrik Sedin.
5:43 of 2nd period - Shot Misses the Net.
6:03 of 2nd period - Penalty to Tomas Plekanec is over, Tomas Plekanec is back on ice.
6:15 of 2nd period - Wrist shot by Cam Fowler.
6:15 of 2nd period - Stopped by Carey Price with a rebound.
6:17 of 2nd period - Backhand shot by Kris Chucko.
6:17 of 2nd period - Goal by Kris Chucko - Blues : 0 - Bruins : 2.
6:18 of 2nd period - Henrik Sedin wins face-off versus Nicklas Backstrom in neutral zone.
6:32 of 2nd period - Icing by Yann Sauvé.
6:33 of 2nd period - Nicklas Backstrom wins face-off versus Henrik Sedin in Blues zone.
6:57 of 2nd period - Jason Demers is hit by Yann Sauvé.
7:02 of 2nd period - Off-side.
7:03 of 2nd period - Henrik Sedin wins face-off versus Nicklas Backstrom in neutral zone.
7:19 of 2nd period - Slapshot by Alex Pietrangelo.
7:19 of 2nd period - Stopped by Kevin Poulin with a rebound.
8:18 of 2nd period - Bryce Lampman is hit by Andrew Alberts and loses puck.
8:37 of 2nd period - Wrist shot by Tim Connolly.
8:37 of 2nd period - Stopped by Carey Price without a rebound.
8:38 of 2nd period - Henrik Sedin wins face-off versus Sergei Shirokov in Blues zone.
9:09 of 2nd period - Slapshot by Shane O'Brien.
9:09 of 2nd period - Stopped by Carey Price with a rebound.
9:15 of 2nd period - Slapshot by Jake Gardiner.
9:15 of 2nd period - Deflect By Filip Forsberg.
9:15 of 2nd period - Stopped by Kevin Poulin without a rebound.
9:16 of 2nd period - Dave Bolland wins face-off versus Nicklas Backstrom in Bruins zone.
9:16 of 2nd period - Dave Bolland is hit by Cody Ceci.
9:45 of 2nd period - Off-side.
9:46 of 2nd period - Henrik Sedin wins face-off versus Travis Zajac in neutral zone.
9:59 of 2nd period - Wrist shot by Henrik Sedin.
9:59 of 2nd period - Shot Misses the Net.
10:01 of 2nd period - Wrist shot by Henrik Sedin.
10:01 of 2nd period - Shot Blocked by Travis Zajac.
10:11 of 2nd period - Jason Demers is hit by Sergei Shirokov and loses puck.
10:59 of 2nd period - Snap shot by Sergei Shirokov.
10:59 of 2nd period - Shot Misses the Net.
11:01 of 2nd period - Slapshot by Nick Leddy.
11:01 of 2nd period - Stopped by Kevin Poulin without a rebound.
11:02 of 2nd period - Tim Connolly wins face-off versus Jason Pominville in Bruins zone.
11:37 of 2nd period - Snap shot by Logan Couture.
11:37 of 2nd period - Stopped by Kevin Poulin with a rebound.
11:39 of 2nd period - Slapshot by Yann Sauvé.
11:39 of 2nd period - Deflect By Filip Forsberg.
11:39 of 2nd period - Shot Misses the Net.
11:39 of 2nd period - Puck is out of play.
11:40 of 2nd period - Logan Couture wins face-off versus Dave Bolland in Bruins zone.
12:05 of 2nd period - Jake Gardiner is hit by Andrew Alberts.
12:09 of 2nd period - Slapshot by Alex Pietrangelo.
12:09 of 2nd period - Stopped by Kevin Poulin without a rebound.
12:10 of 2nd period - Nicklas Backstrom wins face-off versus Tim Connolly in Bruins zone.
12:11 of 2nd period - Slapshot by Jason Pominville.
12:11 of 2nd period - Shot Misses the Net.
12:13 of 2nd period - Minor Penalty to Viktor Stalberg for Hooking.
12:14 of 2nd period - Wojtek Wolski wins face-off versus Nicklas Backstrom in Bruins zone.
12:44 of 2nd period - Off-side.
12:45 of 2nd period - Travis Zajac wins face-off versus Tim Connolly in neutral zone.
12:50 of 2nd period - Backhand shot by Sergei Shirokov.
12:50 of 2nd period - Shot Misses the Net.
12:52 of 2nd period - Snap shot by Travis Zajac.
12:52 of 2nd period - Shot Blocked by Nathan Horton.
12:54 of 2nd period - Slapshot by Bryce Lampman.
12:54 of 2nd period - Stopped by Kevin Poulin with a rebound.
12:56 of 2nd period - Snap shot by Sergei Shirokov.
12:56 of 2nd period - Goal by Sergei Shirokov - Blues : 1 - Bruins : 2.
12:57 of 2nd period - Henrik Sedin wins face-off versus Nicklas Backstrom in neutral zone.
13:11 of 2nd period - Minor Penalty to Alex Pietrangelo for Roughing.
13:12 of 2nd period - Logan Couture wins face-off versus Henrik Sedin in Blues zone.
13:12 of 2nd period - Logan Couture is hit by Henrik Sedin.
15:11 of 2nd period - Penalty to Alex Pietrangelo is over, Alex Pietrangelo is back on ice.
15:15 of 2nd period - Backhand shot by David Perron.
15:15 of 2nd period - Stopped by Kevin Poulin without a rebound.
15:16 of 2nd period - Nicklas Backstrom wins face-off versus Tim Connolly in Bruins zone.
15:29 of 2nd period - Wrist shot by Tomas Plekanec.
15:29 of 2nd period - Stopped by Kevin Poulin without a rebound.
15:30 of 2nd period - Kris Chucko wins face-off versus Nicklas Backstrom in Bruins zone.
15:30 of 2nd period - Kris Chucko is hit by Alex Pietrangelo.
15:33 of 2nd period - Minor Penalty to Kris Chucko for Unsportsmanlike conduct.
15:34 of 2nd period - Nicklas Backstrom wins face-off versus Wojtek Wolski in Bruins zone.
15:46 of 2nd period - Slapshot by Alex Pietrangelo.
15:46 of 2nd period - Shot Misses the Net.
15:48 of 2nd period - Snap shot by Jason Pominville.
15:48 of 2nd period - Shot Misses the Net.
15:50 of 2nd period - Wrist shot by Nicklas Backstrom.
15:50 of 2nd period - Stopped by Kevin Poulin without a rebound.
15:51 of 2nd period - Wojtek Wolski wins face-off versus Nicklas Backstrom in Bruins zone.
16:19 of 2nd period - Off-side.
16:20 of 2nd period - Nicklas Backstrom wins face-off versus Tim Connolly in neutral zone.
16:23 of 2nd period - Nathan Horton is hit by Bryce Lampman and loses puck.
16:28 of 2nd period - Snap shot by Nicklas Backstrom.
16:28 of 2nd period - Shot Blocked by Cam Fowler.
16:30 of 2nd period - Slapshot by Bryce Lampman.
16:30 of 2nd period - Shot Blocked by Andrew Alberts.
16:32 of 2nd period - Snap shot by David Perron.
16:32 of 2nd period - Stopped by Kevin Poulin without a rebound.
16:33 of 2nd period - David Perron wins face-off versus Wojtek Wolski in Bruins zone.
16:40 of 2nd period - Slapshot by Alex Pietrangelo.
16:40 of 2nd period - Shot Misses the Net.
16:42 of 2nd period - Wrist shot by David Perron.
16:42 of 2nd period - Shot Blocked by Wojtek Wolski.
17:33 of 2nd period - Penalty to Kris Chucko is over, Kris Chucko is back on ice.
17:40 of 2nd period - Kris Chucko is hit by Bryce Lampman and loses puck.
17:47 of 2nd period - Slapshot by Andrew Alberts.
17:47 of 2nd period - Stopped by Carey Price with a rebound.
17:59 of 2nd period - Wrist shot by Nathan Horton.
17:59 of 2nd period - Shot Misses the Net.
18:01 of 2nd period - Snap shot by Kris Chucko.
18:01 of 2nd period - Stopped by Carey Price without a rebound.
18:02 of 2nd period - Dave Bolland wins face-off versus Sergei Shirokov in Blues zone.
18:03 of 2nd period - Snap shot by Rene Bourque.
18:03 of 2nd period - Shot Misses the Net.
18:09 of 2nd period - Slapshot by Yann Sauvé.
18:09 of 2nd period - Stopped by Kevin Poulin without a rebound.
18:10 of 2nd period - Travis Zajac wins face-off versus Matt Cooke in Bruins zone.
19:06 of 2nd period - Minor Penalty to Wojtek Wolski for Hooking.
19:07 of 2nd period - Nicklas Backstrom wins face-off versus Rene Bourque in Bruins zone.
Goals for this period are 1 for Blues vs 1 for Bruins.
Shots for this period are 16 for Blues vs 9 for Bruins.
3rd period
0:01 of 3rd period - Nicklas Backstrom wins face-off versus Rene Bourque in neutral zone.
1:06 of 3rd period - Penalty to Wojtek Wolski is over, Wojtek Wolski is back on ice.
1:12 of 3rd period - Tim Connolly is hit by Bryce Lampman and loses puck.
1:37 of 3rd period - Slapshot by Rene Bourque.
1:37 of 3rd period - Shot Blocked by George Parros.
2:30 of 3rd period - Off-side.
2:31 of 3rd period - Nicklas Backstrom wins face-off versus Henrik Sedin in neutral zone.
2:38 of 3rd period - Wrist shot by David Perron.
2:38 of 3rd period - Shot Blocked by Shane O'Brien.
3:06 of 3rd period - Slapshot by Kevin Bieksa.
3:06 of 3rd period - Deflect By Victor Oreskovich.
3:06 of 3rd period - Deflect By Nick Leddy.
3:06 of 3rd period - Shot Blocked by Nick Leddy.
3:06 of 3rd period - Puck is out of play.
3:07 of 3rd period - Nicklas Backstrom wins face-off versus Henrik Sedin in Blues zone.
3:32 of 3rd period - Shane O'Brien is hit by Logan Couture and loses puck.
3:41 of 3rd period - Slapshot by Alex Pietrangelo.
3:41 of 3rd period - Stopped by Kevin Poulin without a rebound.
3:42 of 3rd period - Nicklas Backstrom wins face-off versus Tim Connolly in Bruins zone.
3:55 of 3rd period - Snap shot by Tim Connolly.
3:55 of 3rd period - Stopped by Carey Price with a rebound.
3:57 of 3rd period - Slapshot by Nate Prosser.
3:57 of 3rd period - Stopped by Carey Price with a rebound.
3:59 of 3rd period - Slapshot by Nate Prosser.
3:59 of 3rd period - Shot Misses the Net.
4:09 of 3rd period - Wojtek Wolski is hit by Nick Leddy and loses puck.
5:00 of 3rd period - Snap shot by George Parros.
5:00 of 3rd period - Stopped by Kevin Poulin with a rebound.
6:22 of 3rd period - Snap shot by Victor Oreskovich.
6:22 of 3rd period - Shot Blocked by Tomas Plekanec.
6:24 of 3rd period - Wrist shot by Tim Connolly.
6:24 of 3rd period - Shot Misses the Net.
6:46 of 3rd period - Snap shot by Jason Pominville.
6:46 of 3rd period - Shot Misses the Net.
7:40 of 3rd period - Snap shot by George Parros.
7:40 of 3rd period - Shot Misses the Net.
7:42 of 3rd period - Snap shot by Cody Ceci.
7:42 of 3rd period - Stopped by Kevin Poulin with a rebound.
7:44 of 3rd period - Minor Penalty to Victor Oreskovich for Hooking.
7:45 of 3rd period - David Perron wins face-off versus Wojtek Wolski in Bruins zone.
7:52 of 3rd period - Slapshot by Alex Pietrangelo.
7:52 of 3rd period - Shot Misses the Net.
8:25 of 3rd period - Slapshot by Alex Pietrangelo.
8:25 of 3rd period - Stopped by Kevin Poulin with a rebound.
9:19 of 3rd period - Icing by Alex Pietrangelo.
9:20 of 3rd period - Tim Connolly wins face-off versus Travis Zajac in Blues zone.
9:44 of 3rd period - Penalty to Victor Oreskovich is over, Victor Oreskovich is back on ice.
10:18 of 3rd period - Slapshot by Yann Sauvé.
10:18 of 3rd period - Deflect By Tomas Plekanec.
10:18 of 3rd period - Stopped by Kevin Poulin without a rebound.
10:19 of 3rd period - Nicklas Backstrom wins face-off versus Dave Bolland in Bruins zone.
11:14 of 3rd period - Viktor Stalberg is hit by Logan Couture and loses puck.
11:47 of 3rd period - Wrist shot by Nikolai Zherdev.
11:47 of 3rd period - Stopped by Carey Price without a rebound.
11:48 of 3rd period - Nicklas Backstrom wins face-off versus Casey Cizikas in Blues zone.
11:57 of 3rd period - Wrist shot by David Perron.
11:57 of 3rd period - Stopped by Kevin Poulin without a rebound.
11:58 of 3rd period - Henrik Sedin wins face-off versus Nicklas Backstrom in Bruins zone.
12:15 of 3rd period - Nicklas Backstrom is hit by Nathan Horton and loses puck.
12:34 of 3rd period - Snap shot by Patrick Kaleta.
12:34 of 3rd period - Stopped by Kevin Poulin with a rebound.
12:46 of 3rd period - Minor Penalty to Wojtek Wolski for Roughing.
12:47 of 3rd period - Nicklas Backstrom wins face-off versus Henrik Sedin in Bruins zone.
14:46 of 3rd period - Penalty to Wojtek Wolski is over, Wojtek Wolski is back on ice.
14:59 of 3rd period - Logan Couture is hit by Viktor Stalberg and loses puck.
15:44 of 3rd period - Slapshot by Dave Bolland.
15:44 of 3rd period - Stopped by Carey Price with a rebound.
15:46 of 3rd period - Snap shot by Andrew Alberts.
15:46 of 3rd period - Shot Misses the Net.
16:07 of 3rd period - Nicklas Backstrom is hit by Wojtek Wolski and loses puck.
16:26 of 3rd period - Cody Ceci is hit by Viktor Stalberg and loses puck.
16:34 of 3rd period - Yann Sauvé is hit by Casey Cizikas and loses puck.
16:48 of 3rd period - Snap shot by George Parros.
16:48 of 3rd period - Shot Blocked by Kris Chucko.
16:50 of 3rd period - Slapshot by Yann Sauvé.
16:50 of 3rd period - Shot Misses the Net.
17:04 of 3rd period - Slapshot by Jason Demers.
17:04 of 3rd period - Deflect By Dave Bolland.
17:04 of 3rd period - Stopped by Carey Price without a rebound.
17:05 of 3rd period - Nicklas Backstrom wins face-off versus Dave Bolland in Blues zone.
17:16 of 3rd period - Wrist shot by Nicklas Backstrom.
17:16 of 3rd period - Shot Misses the Net.
17:50 of 3rd period - Slapshot by Rene Bourque.
17:50 of 3rd period - Stopped by Carey Price with a rebound.
17:52 of 3rd period - Wrist shot by Rene Bourque.
17:52 of 3rd period - Shot Misses the Net.
17:54 of 3rd period - Slapshot by Nate Prosser.
17:54 of 3rd period - Shot Blocked by David Perron.
17:56 of 3rd period - Slapshot by Kevin Bieksa.
17:56 of 3rd period - Shot Misses the Net.
17:58 of 3rd period - Slapshot by Dave Bolland.
17:58 of 3rd period - Shot Misses the Net.
18:12 of 3rd period - Snap shot by Rene Bourque.
18:12 of 3rd period - Shot Misses the Net.
18:14 of 3rd period - Backhand shot by Kevin Bieksa.
18:14 of 3rd period - Shot Blocked by David Perron.
18:16 of 3rd period - Snap shot by Rene Bourque.
18:16 of 3rd period - Stopped by Carey Price without a rebound.
18:17 of 3rd period - Casey Cizikas wins face-off versus Logan Couture in Blues zone.
18:18 of 3rd period - Snap shot by Kris Chucko.
18:18 of 3rd period - Stopped by Carey Price without a rebound.
18:19 of 3rd period - Logan Couture wins face-off versus Casey Cizikas in Blues zone.
18:30 of 3rd period - Snap shot by Patrick Kaleta.
18:30 of 3rd period - Stopped by Kevin Poulin without a rebound.
18:31 of 3rd period - Logan Couture wins face-off versus Casey Cizikas in Bruins zone.
18:42 of 3rd period - Snap shot by Patrick Kaleta.
18:42 of 3rd period - Shot Blocked by Kris Chucko.
18:44 of 3rd period - Slapshot by Alex Pietrangelo.
18:44 of 3rd period - Shot Misses the Net.
18:46 of 3rd period - Blues, Carey Price is pulled from the net.
18:46 of 3rd period - Wrist shot by Filip Forsberg.
18:46 of 3rd period - Shot Misses the Net.
18:56 of 3rd period - Jason Demers is hit by Nicklas Backstrom and loses puck.
19:56 of 3rd period - Wrist shot by Nicklas Backstrom.
19:56 of 3rd period - Stopped by Kevin Poulin without a rebound.
19:57 of 3rd period - Claude Julien call a timeout for Blues.
19:57 of 3rd period - Henrik Sedin wins face-off versus Nicklas Backstrom in Bruins zone.
Goals for this period are 0 for Blues vs 0 for Bruins.
Shots for this period are 9 for Blues vs 8 for Bruins.
Back to the Top